 Dungeon Crawl Stone Soup version 0.31.0-9-g3a7656b989 (webtiles) character file.

Game seed: 15521659676411291254

112 qw the Shooter (level 4, -1/22 HPs)
             Began as a Spriggan Hunter on Feb 2, 2024.
             Slain by a sleepcap (18 damage)
             ... on level 3 of the Dungeon.
             The game lasted 00:00:06 (2179 turns).

qw the Shooter (Spriggan Hunter)                    Turns: 2179, Time: 00:00:06

Health: -1/22      AC:  4    Str:  7    XL:     4   Next: 64%
Magic:  5/5        EV:  4    Int: 10    God:
Gold:   191        SH:  0    Dex: 20    Spells: 3/3 levels left

rFire   . . .        a - +0 shortbow
rCold   . . .        (shield currently unavailable)
rNeg    . . .        d - +2 robe {Will+}
rPois   .            (helmet restricted)
rElec   .            (no cloak)
rCorr   .            (gloves unavailable)
SInv    +            (boots unavailable)
Will    +....        h - amulet of regeneration
Stlth   ++           (no ring)
HPRegen 1.03/turn    (no ring)
MPRegen 0.09/turn

%: no passive effects
@: sleeping, very quick
A: very small, no large weapons, unfitting armour, see invisible, speed 3
a: no special abilities


You were on level 3 of the Dungeon.
You visited 1 branch of the dungeon, and saw 3 of its levels.

You collected 191 gold pieces.


Innate Abilities, Weirdness & Mutations

You are very small and have problems with some larger weapons.
You are too small for most types of armour.
You have supernaturally acute eyesight. (SInv)
You cover ground extremely quickly. (Speed+++)


   Skills:
 - Level 1.5 Fighting
 - Level 5.2 Ranged Weapons
 + Level 4.9 Dodging
 - Level 1.5 Stealth


You had 3 spell levels left.
You didn't know any spells.
Your spell library was empty.

Inventory:

Hand Weapons
 a - a +0 shortbow (weapon)
Armour
 d - a +2 robe of willpower (worn)
Jewellery
 h - an amulet of regeneration (around neck)
Scrolls
 b - a scroll of identify
 c - a scroll of enchant weapon {unknown}
 e - 2 scrolls of teleportation
Potions
 f - a potion of degeneration {unknown}
 g - a potion of curing
 i - 2 potions of enlightenment

Dungeon Overview and Level Annotations

Branches:
Dungeon (3/15)

Altars:


Message History

Enter note: You see here a staff of death.
You see here 7 stones.
You see here 4 stones.
An endoplasm comes into view.
You shoot an arrow. The endoplasm quivers.
The arrow hits the endoplasm!
You kill the endoplasm!
You see here a +0 hand axe.
A sleepcap comes into view.
You shoot an arrow. The arrow hits the sleepcap.
The sleepcap is lightly damaged.
You shoot an arrow. The arrow hits the sleepcap.
The sleepcap is moderately damaged.
You shoot an arrow.
The arrow hits the sleepcap but does no damage.
The sleepcap is moderately damaged.
You shoot an arrow.
The arrow hits the sleepcap but does no damage.
The sleepcap is moderately damaged.
You shoot an arrow. The arrow hits the sleepcap.
The sleepcap is heavily damaged.
You shoot an arrow.
The arrow hits the sleepcap but does no damage.
The sleepcap is heavily damaged.
The sleepcap closely misses you.
You shoot an arrow.
The arrow hits the sleepcap but does no damage.
The sleepcap is heavily damaged.
The sleepcap misses you.
You shoot an arrow. The arrow hits the sleepcap.
The sleepcap is heavily damaged.
The sleepcap releases spores at you.
You are engulfed in a cloud of soporific spores!
You fall asleep.
The sleepcap releases spores at you but does no damage.
The sleepcap releases spores at you!!
Ouch! That really hurt!
You die...

#...........##
..###...........#
##.##............# . #
#...#..%.........## ..
#.#...#..............
...#.#...#..............
#..............#####..
#..............# #....
#...f@.....[...# #....
.....##.##.......###...#
..# #.########........ .
#.................
.#..###.................
.....#.................
#.#.#.................
#...#.................
#..#.....)......####.


You could see a sleepcap.

Vanquished Creatures
  A jelly (D:2)
  Jessica (D:2)
  A gnoll (D:1)
  An adder (D:3)
  A ribbon worm (D:3)
  A dart slug (D:1)
  2 orcs (D:3)
  3 bats
  4 endoplasms
  2 giant cockroaches (D:3)
  2 goblins (D:2)
  2 hobgoblins (D:3)
  2 quokkas (D:3)
  A ball python (D:2)
  A frilled lizard (D:3)
  7 kobolds
  A rat (D:3)
33 creatures vanquished.

Notes
Turn   | Place    | Note
-------+----------+-------------------------------------------
     0 | D:1      | qw the Spriggan Hunter began the quest for the Orb.
     0 | D:1      | Reached XP level 1. HP: 10/10 MP: 2/2
     0 | D:1      | 0 ||| qw: Version: 0.3-a-155-g5e7d8dd
     0 | D:1      | 0 ||| qw: Game counter: 2494
     0 | D:1      | 0 ||| qw: Melee chars always use a shield: true
     0 | D:1      | 0 ||| qw: God list: Okawaru
     0 | D:1      | 0 ||| qw: Allow faded altars: false
     0 | D:1      | 0 ||| qw: Do Orc after clearing Dungeon:15 true
     0 | D:1      | 0 ||| qw: Do second Lair branch before Depths: true
     0 | D:1      | 0 ||| qw: Lair rune preference: random
     0 | D:1      | 0 ||| qw: Goals: Normal
     0 | D:1      | 0 ||| PLANNING D:1-11
   270 | D:1      | Reached skill level 3 in Dodging
   270 | D:1      | Reached XP level 2. HP: 14/14 MP: 3/3
   308 | D:1      | HP: 2/14 [frozen (5)]
   689 | D:1      | 689 ||| UPGRADING to amulet of regeneration.
   694 | D:1      | 694 ||| DROPPING ring of magical power.
   695 | D:1      | 695 ||| READING 2 scrolls labelled LISTENANOL.
   699 | D:1      | 699 ||| READING 2 scrolls labelled ZUISOBUTRI.
   800 | D:1      | 800 ||| DROPPING scroll of butterflies.
   801 | D:1      | 801 ||| DROPPING scroll of silence.
   885 | D:2      | Noticed Jessica
   896 | D:2      | Killed Jessica
   897 | D:2      | Reached XP level 3. HP: 18/18 MP: 4/4
  1106 | D:2      | Reached skill level 5 in Ranged Weapons
  1106 | D:2      | Reached XP level 4. HP: 22/22 MP: 5/5
  1288 | D:2      | 1288 ||| UPGRADING to +2 robe of willpower.
  1298 | D:2      | 1298 ||| DROPPING +0 robe.
  1299 | D:2      | 1299 ||| READING 4 scrolls labelled JOFUIV VORUIMY.
  1299 | D:2      | 1299 ||| IDENTIFYING puce potion
  1300 | D:2      | 1300 ||| READING 3 scrolls of identify.
  1300 | D:2      | 1300 ||| IDENTIFYING yellow potion
  1301 | D:2      | 1301 ||| READING 2 scrolls of identify.
  1301 | D:2      | 1301 ||| IDENTIFYING scroll labelled OHOIZI POUKEA
  1302 | D:2      | 1302 ||| DROPPING scroll of vulnerability.
  2179 | D:3      | Slain by a sleepcap

Levels and vault maps discovered:
D:1:      heliophobic_arrival_enchanted_forest, layout_basic
D:2:      layout_basic, uniq_jessica
D:3:      minmay_spotlight, layout_basic

Skill      XL: |  1  2  3 |
---------------+----------+-----
Dodging        | 3 4 |  4.9
Ranged Weapons | 5 |  5.2
Fighting       | |  1.5
Stealth        | |  1.5

Action                     |  1- 3 |  4- 6 || total
---------------------------+-------+-------++-------
   Fire: Shortbow          |    43 |    76 ||   119
    Use: Scroll            |     2 |     3 ||     5
 Armour: Robe              |       |     9 ||     9
  Dodge: Dodged            |     4 |    30 ||    34

Table legend:
 A = Non-vault XP
 B = Vault XP
 C = Vault XP percentage of total XP
 D = Non-vault monster count
 E = Vault monster count
 F = Vault count percentage of total count
                 A         B        C        D         E       F
            +---------+---------+-------+---------+---------+-------
      Total |      96 |      65 |  40.4 |      25 |       8 |  24.2
            +---------+---------+-------+---------+---------+-------
        D:1 |      26 |       0 |   0.0 |       7 |       0 |   0.0
        D:2 |      50 |      37 |  42.5 |       6 |       1 |  14.3
        D:3 |      20 |      28 |  58.3 |      12 |       7 |  36.8
            +---------+---------+-------+---------+---------+-------
